 Dungeon Crawl Stone Soup version 0.30.0-29-ga12c61a403 (webtiles) character file.

Game seed: 15854076166427241128

53 cheesebisquit the Grave Robber (level 3, -1/29 HPs)
             Began as a Ghoul Necromancer on June 7, 2023.
             Slain by a goblin
             ... wielding a +1 dagger of holy wrath
             ... led by Robin
              (3 damage)
             ... on level 3 of the Dungeon.
             The game lasted 00:08:19 (2326 turns).

cheesebisquit the Grave Robber (Ghoul Necromancer)  Turns: 2326, Time: 00:08:20

Health: -1/29      AC:  6    Str: 11    XL:     3   Next: 89%
Magic:  4/13       EV: 10    Int: 19    God:
Gold:   34         SH:  0    Dex:  9    Spells: 4/5 levels left

rFire   . . .        c - +0 hand axe
rCold   . . .        (no shield)
rNeg    + + +        j - +1 ring mail "Zorye" {+Inv rC- Int+7}
rPois   ∞            (no helmet)
rElec   .            (no cloak)
rCorr   .            (no gloves)
SInv    .            (no boots)
Will    .....        (no amulet)
Stlth   +            q - ring of magical power
HPRegen 0.00/turn    (no ring)
MPRegen 0.13/turn

%: no passive effects
@: inhibited regen
A: claws 1, cold resistance 1, negative energy resistance 3, inhibited
regeneration, torment resistance 2, devour on kill
a: Evoke Invisibility


You were on level 3 of the Dungeon.
You visited 1 branch of the dungeon, and saw 3 of its levels.

You collected 112 gold pieces.
You spent 78 gold pieces at shops.

Inventory:

Hand Weapons
 c - a +0 hand axe (weapon)
Armour
 a - a +0 robe
 j - the +1 ring mail "Zorye" (worn) {+Inv rC- Int+7}
   (You found it on level 2 of the Dungeon)

   Int:       It affects your intelligence (+7).
   rC:        It makes you vulnerable to cold.
   +Inv:      It lets you turn invisible.
Jewellery
 q - a ring of magical power (left claw)
Scrolls
 d - 4 scrolls of identify {unknown}
 e - a scroll of magic mapping {unknown}
 g - a scroll of fog {unknown}
 h - 2 scrolls of vulnerability {unknown}
 k - a scroll of enchant armour {unknown}
 l - a scroll of teleportation {unknown}
 m - a scroll of poison {unknown}
 p - a scroll of blinking {unknown}
Potions
 b - a potion of cancellation {unknown}
 f - a potion of attraction {unknown}
 i - a potion of ambrosia {unknown}
 n - 3 potions of curing
 o - a potion of lignification {unknown}


   Skills:
 - Level 2.0 Fighting
 - Level 2.0 Axes
 + Level 1.1 Armour
 - Level 1.7 Dodging
 - Level 2.1 Stealth
 - Level 1.7 Spellcasting
 - Level 4.0 Necromancy


You had 4 spell levels left.
You knew the following spells:

 Your Spells              Type           Power      Damage    Failure   Level
a - Necrotise             Necr           64%        1d7       8%          1

Your spell library contained the following spells:

 Spells                   Type           Power      Damage    Failure   Level
 Vampiric Draining        Necr           16%        2d7       24%         3
 Apportation              Tloc           2%         N/A       38%         1
 Summon Small Mammal      Summ           4%         N/A       38%         1
 Animate Dead             Necr           16%        N/A       61%         4
 Inner Flame              Hex/Fire       1%         N/A       77%         3
 Agony                    Necr           16%        N/A       91%         5
 Yara's Violent Unravell  Hex/Tmut       0%         3d3       100%        5
 Enfeeble                 Hex            0%         N/A       100%        7


Dungeon Overview and Level Annotations

Branches:
Dungeon (3/15)

Altars:

Shops:
D:2 !   D:3 =

Annotations:
D:3 Robin


Innate Abilities, Weirdness & Mutations

You are immune to poison.
You have sharp fingernails.
Your flesh is cold resistant. (rC+)
You are immune to negative energy. (rN+++)
You do not regenerate when monsters are visible.
You are immune to unholy pain and torment.
You thrive by killing the living.


Message History

The hobgoblin writhes in agony.
You kill the hobgoblin!
The dead are walking!
A goblin comes into view.
It is wielding a +1 dagger of holy wrath.
The goblin barely misses you.
Robin barely misses your hobgoblin skeleton.
The goblin hits you with a +2 dagger of venom!
* * * LOW HITPOINT WARNING * * *
Your hobgoblin skeleton closely misses the goblin.
Your Armour skill increases to level 1!
Okay, then.
You are too injured to fight recklessly!
Aiming: Necrotise (safe; 8% risk of failure)
Press: ? - help, Q - select action, (/) - cycle Shift-Dir - straight line, f - goblin
Aim: a goblin, wielding a +0 club (strong, ally target, chance to affect: 86%)
The goblin writhes in agony.
You kill the goblin!
You feel better.
Your kobold skeleton crumbles into dust!
Robin hits you but does no damage. The goblin closely misses you.
The goblin hits you but does no damage.
Your hobgoblin skeleton barely misses the goblin.
Your hobgoblin skeleton hits Robin.
The goblin barely misses you. Robin throws the goblin at you!
You see here a +0 club.
Your goblin skeleton hits the goblin.
Your hobgoblin skeleton hits Robin but does no damage.
The goblin hits you with a +0 dagger.
* * * LOW HITPOINT WARNING * * *
Robin throws the goblin at you! The goblin closely misses you.
The goblin attacks as you move away! The goblin hits you but does no damage.
Your goblin skeleton hits the goblin.
The goblin barely misses you.
Your hobgoblin skeleton hits the goblin.
The goblin dies!
Your magical contamination has completely faded away.
The goblin attacks as you move away! The goblin hits you with a +0 dagger.
* * * LOW HITPOINT WARNING * * *
The goblin attacks as you move away!
The goblin hits you with a +1 dagger of holy wrath.
You die...

#............## #.#
##.###........###.# #g
#.# ##........##.# ..
.# #.# ##........##.#
.##.. #.
#.........##.#..... ##
#.##.....###Z#...# ..
#.#.......##Z#...# .
###.#......gg))g.# .
##...#......@g#g.## #
###..####.<...#Z#Z##
###...## ##...##<#.#
......# ####...#.#
#####.# ##........# #
#.#####.........## #
#................# #
######...........#
##########...........#


You could see 4 goblins, a friendly goblin skeleton and a friendly hobgoblin
skeleton.

Vanquished Creatures
  An adder (D:2)
  2 worms (D:2)
  2 ball pythons
  2 endoplasms (D:1)
  2 giant cockroaches (D:1)
  9 hobgoblins
  2 quokkas
  2 bats
  4 goblins
  6 kobolds
  A rat (D:2)
33 creatures vanquished.

Vanquished Creatures (collateral kills)
  A goblin (D:3)
  A rat (D:1)
2 creatures vanquished.

Grand Total: 35 creatures vanquished

Notes
Turn   | Place    | Note
-------+----------+-------------------------------------------
     0 | D:1      | cheesebisquit the Ghoul Necromancer began the quest for the
                  | Orb.
     0 | D:1      | Reached XP level 1. HP: 14/14 MP: 2/2
    60 | D:1      | Reached skill level 1 in Fighting
   159 | D:1      | Reached XP level 2. HP: 16/24 MP: 0/3
   834 | D:1      | Reached skill level 1 in Axes
  1203 | D:2      | Identified the +1 ring mail "Zorye" {+Inv rC- Int+7}
  1260 | D:2      | Reached XP level 3. HP: 29/29 MP: 0/4
  1923 | D:2      | Found Anlescham's Distillery.
  1955 | D:2      | Bought a potion of curing for 39 gold pieces
  1955 | D:2      | Bought a potion of curing for 39 gold pieces
  2124 | D:3      | Found Fuqigyn's Jewellery Shoppe.
  2313 | D:3      | Noticed Robin
  2322 | D:3      | Reached skill level 1 in Armour
  2326 | D:3      | Slain by a goblin

Illustrated notes

Levels and vault maps discovered:
D:1:      dpeg_arrival_erosion, layout_basic
D:2:      layout_basic, serial_shops, shop, minmay_large_rounded_square,
          bh_walls_and_bars
D:3:      layout_rooms, mainiacjoe_overflow_catwalk, tgw_fedhas,
          hellmonk_ecumenical_altar_blasted, serial_shops, shop,
          corexii_item_surrounded_by_moat, uniq_robin

Skill      XL: |  1  2  3 |
---------------+----------+-----
Fighting       | 1 2 |  2.0
Axes           | 1 2 |  2.0
Armour         | 1 |  1.1
Dodging        | |  1.7
Stealth        | |  2.1
Spellcasting   | |  1.7
Necromancy     | |  4.0

Action                     || total
---------------------------++-------
  Melee: Hand axe          ||    33
   Cast: Necrotise         ||    74
    Use: Potion            ||     1
 Armour: Robe              ||     2
         Ring mail         ||    14
  Dodge: Dodged            ||    36
